PCL
EL PASO CHIHUAHUAS @ COLORADO SPRINGS SKY SOX
09/22/2080
 
TOP OF THE 1ST
El Paso Chihuahuas batting - Pitching for Colorado Springs Sky Sox : LHP Corey Thomas
Pitching: LHP Corey Thomas
Batting: RHB Brian Zimmerman 0-0: Ball
1-0: Foul Ball, location: 2F
1-1: Ball
2-1: Called Strike
2-2: SOLO HOME RUN (Flyball, 78XD, EV 106.2 MPH), Distance : 427 ft
Batting: SHB Bobby Brookins 0-0: Called Strike
0-1: Ball
1-1: Foul Ball, location: 2F
1-2: Ball
2-2: Ball
3-2: Ground out 6-3 (Groundball, 6, EV 87.5 MPH)
Batting: RHB Juan Andino 0-0: Ball
1-0: Swinging Strike
1-1: Fly out, F7 (Flyball, 78S, EV 81.2 MPH)
Batting: LHB Greg Christian 0-0: Ball
1-0: Fly out, F8 (Flyball, 8RS, EV 84.4 MPH)
Top of the 1st over - 1 run, 1 hit, 0 errors, 0 left on base; El Paso 1 - Colorado Springs 0
BOTTOM OF THE 1ST
Colorado Springs Sky Sox batting - Pitching for El Paso Chihuahuas : RHP Taylor Litsey
Pitching: RHP Taylor Litsey
Batting: RHB Adam Hall 0-0: Called Strike
0-1: Ball
1-1: Ground out 6-3 (Groundball, 6, EV 83.1 MPH)
Batting: RHB Juan Duran 0-0: Called Strike
0-1: Ball
1-1: Swinging Strike
1-2: Ball
2-2: Strikes out swinging
Batting: SHB Bobby Cordova 0-0: Foul Ball, location: 2F
0-1: Swinging Strike
0-2: Ball
1-2: Foul Ball, location: 2F
1-2: Foul Ball, location: 2F
1-2: Ball
2-2: Ball
3-2: Foul Ball, location: 2F
3-2: SINGLE (Groundball, 15S, EV 69.4 MPH) (infield hit)
Batting: LHB Andy Pierpont 0-0: Ball
1-0: Called Strike
1-1: Ball
Wild Pitch!
Bobby Cordova to second
2-1: SINGLE (Groundball, 34D, EV 103.8 MPH)
Bobby Cordova to third
Runner from 3rd tries for Home, SAFE, throw by RF to home
Batting: LHB Curtis Johnson 0-0: Foul Ball, location: 2F
0-1: Swinging Strike
0-2: Strikes out swinging
Bottom of the 1st over - 1 run, 2 hits, 0 errors, 1 left on base; El Paso 1 - Colorado Springs 1
TOP OF THE 2ND
El Paso Chihuahuas batting - Pitching for Colorado Springs Sky Sox : LHP Corey Thomas
Batting: RHB Eric Powell 0-0: Ball
1-0: Foul Ball, location: 2F
1-1: Ball
2-1: Foul Ball, location: 2F
2-2: Strikes out swinging
Batting: LHB C.J. Griffith 0-0: Fly out, F8 (Flyball, 78S, EV 75.6 MPH)
Batting: RHB Carlos Nieto 0-0: Ball
1-0: Ground out 6-3 (Groundball, 6, EV 110.6 MPH)
Top of the 2nd over - 0 runs, 0 hits, 0 errors, 0 left on base; El Paso 1 - Colorado Springs 1
BOTTOM OF THE 2ND
Colorado Springs Sky Sox batting - Pitching for El Paso Chihuahuas : RHP Taylor Litsey
Batting: RHB Jose Orellana 0-0: Called Strike
0-1: Fly out, F8 (Flyball, 8RD, EV 92.5 MPH)
Batting: LHB Tyler Zavala 0-0: Foul Ball, location: 2F
0-1: SINGLE (Line Drive, 6MD, EV 98.8 MPH)
Batting: LHB Ellis Scanlon 0-0: Called Strike
0-1: Called Strike
0-2: Foul Ball, location: 2F
0-2: Ball
1-2: Ball
2-2: Fly out, F8 (Flyball, 8RD, EV 88.8 MPH)
Batting: SHB Jeremy Freely 0-0: Called Strike
0-1: Swinging Strike
0-2: Ball
1-2: Ball
2-2: Strikes out swinging
Bottom of the 2nd over - 0 runs, 1 hit, 0 errors, 1 left on base; El Paso 1 - Colorado Springs 1
TOP OF THE 3RD
El Paso Chihuahuas batting - Pitching for Colorado Springs Sky Sox : LHP Corey Thomas
Batting: RHB Justin Pakulski 0-0: Foul Ball, location: 2F
0-1: Ball
1-1: Fly out, F8 (Flyball, 8RM, EV 88.8 MPH)
Batting: RHB Ryan Johnson 0-0: Ball
1-0: Called Strike
1-1: Swinging Strike
1-2: Ground out 3-1 (Groundball, 34, EV 86.2 MPH)
Batting: RHB Brian Zimmerman 0-0: Ball
1-0: Ball
2-0: Swinging Strike
2-1: Ball
3-1: Called Strike
3-2: Strikes out looking
Top of the 3rd over - 0 runs, 0 hits, 0 errors, 0 left on base; El Paso 1 - Colorado Springs 1
BOTTOM OF THE 3RD
Colorado Springs Sky Sox batting - Pitching for El Paso Chihuahuas : RHP Taylor Litsey
Batting: RHB Adam Hall 0-0: Ball
1-0: Fly out, F7 (Line Drive, 78M, EV 108.1 MPH)
Batting: RHB Juan Duran 0-0: Ball
1-0: Swinging Strike
1-1: Foul Ball, location: 2F
1-2: Ground out U3 (Groundball, 34, EV 83.8 MPH)
Batting: SHB Bobby Cordova 0-0: Called Strike
0-1: Ball
1-1: Ball
2-1: DOUBLE (Flyball, 7LD, EV 95.6 MPH)
Batting: LHB Andy Pierpont 0-0: Ball
1-0: Called Strike
1-1: DOUBLE (Line Drive, 78XD, EV 106.2 MPH)
Bobby Cordova scores
Batting: LHB Curtis Johnson 0-0: Called Strike
0-1: Ball
1-1: Ball
2-1: Ball
3-1: Swinging Strike
3-2: Ground out U3 (Groundball, 3, EV 90.6 MPH)
Bottom of the 3rd over - 1 run, 2 hits, 0 errors, 1 left on base; El Paso 1 - Colorado Springs 2
TOP OF THE 4TH
El Paso Chihuahuas batting - Pitching for Colorado Springs Sky Sox : LHP Corey Thomas
Batting: SHB Bobby Brookins 0-0: Called Strike
0-1: Ball
1-1: Bunt for hit to 15 - play at first, batter safe!
Batting: RHB Juan Andino 0-0: Ball
1-0: Fielders Choice at 2nd, 5-4 (Groundball, 56, EV 101.9 MPH)
Batting: LHB Greg Christian 0-0: Ball
1-0: Fly out, F8 (Line Drive, 8LD, EV 93.8 MPH)
Batting: RHB Eric Powell 0-0: Ball
1-0: Fielders Choice at 2nd, 4-6 (Groundball, 4MD, EV 100.0 MPH)
Top of the 4th over - 0 runs, 1 hit, 0 errors, 1 left on base; El Paso 1 - Colorado Springs 2
BOTTOM OF THE 4TH
Colorado Springs Sky Sox batting - Pitching for El Paso Chihuahuas : RHP Taylor Litsey
Batting: RHB Jose Orellana 0-0: Foul Ball, location: 2F
0-1: Ground out 5-3 (Groundball, 56S, EV 72.5 MPH)
Batting: LHB Tyler Zavala 0-0: Ball
1-0: Called Strike
1-1: SINGLE (Flyball, 4D, EV 81.2 MPH)
Batting: LHB Ellis Scanlon 0-0: Ball
1-0: Ball
2-0: SINGLE (Line Drive, 5D, EV 101.2 MPH)
Tyler Zavala to second
Batting: SHB Jeremy Freely 0-0: Ball
1-0: Ball
2-0: Called Strike
2-1: Foul Ball, location: 2F
2-2: Grounds into double play, 3-6-3 (Groundball, 3, EV 107.5 MPH)
Bottom of the 4th over - 0 runs, 2 hits, 0 errors, 1 left on base; El Paso 1 - Colorado Springs 2
TOP OF THE 5TH
El Paso Chihuahuas batting - Pitching for Colorado Springs Sky Sox : LHP Corey Thomas
Batting: LHB C.J. Griffith 0-0: Ball
1-0: Swinging Strike
1-1: Swinging Strike
1-2: Foul Ball, location: 2F
1-2: Foul Ball, location: 2F
1-2: Ball
2-2: Ball
3-2: Strikes out swinging
Batting: RHB Carlos Nieto 0-0: Ball
1-0: Called Strike
1-1: Ball
2-1: Ball
3-1: Base on Balls
Batting: RHB Justin Pakulski 0-0: Ball
1-0: Ball
2-0: Foul Ball, location: 2F
2-1: Ball
3-1: Base on Balls
Carlos Nieto to second
Batting: RHB Ryan Johnson 0-0: Called Strike
0-1: Ball
1-1: Fielders Choice at 2nd, 6-4 (Groundball, 6, EV 90.0 MPH)
Carlos Nieto to third
Batting: RHB Brian Zimmerman 0-0: Called Strike
0-1: Ball
1-1: Called Strike
1-2: Ball
2-2: SINGLE (Groundball, 56D, EV 101.2 MPH)
Carlos Nieto scores
Ryan Johnson to second
Batting: SHB Bobby Brookins 0-0: Foul Ball, location: 2F
0-1: Foul Ball, location: 2F
0-2: Ground out 4-3 (Groundball, 4, EV 86.2 MPH)
Top of the 5th over - 1 run, 1 hit, 0 errors, 2 left on base; El Paso 2 - Colorado Springs 2
BOTTOM OF THE 5TH
Colorado Springs Sky Sox batting - Pitching for El Paso Chihuahuas : RHP Taylor Litsey
Batting: RHB Adam Hall 0-0: SINGLE (Line Drive, 56D, EV 95.6 MPH)
Batting: RHB Juan Duran 0-0: Ball
1-0: Ball
2-0: SINGLE (Line Drive, 89S, EV 105.6 MPH)
Adam Hall to second
Batting: SHB Bobby Cordova 0-0: Ball
1-0: Ball
2-0: Ball
3-0: Called Strike
3-1: Fielders Choice at 2nd, 3-6 (Groundball, 34, EV 88.8 MPH)
Adam Hall to third
Batting: LHB Andy Pierpont 0-0: Ball
Bobby Cordova is caught stealing 2nd base 2-6
1-0: Called Strike
1-1: Foul Ball, location: 2F
1-2: Ball
2-2: Foul Ball, location: 2F
2-2: Ground out 1-3 (Groundball, 34S, EV 62.5 MPH)
Bottom of the 5th over - 0 runs, 2 hits, 0 errors, 1 left on base; El Paso 2 - Colorado Springs 2
TOP OF THE 6TH
El Paso Chihuahuas batting - Pitching for Colorado Springs Sky Sox : LHP Corey Thomas
Batting: RHB Juan Andino 0-0: Ball
1-0: Ball
2-0: Swinging Strike
2-1: Called Strike
2-2: Fly out, F8 (Flyball, 8RM, EV 97.5 MPH)
Batting: LHB Greg Christian 0-0: Ball
1-0: Foul Ball, location: 2F
1-1: Foul Ball, location: 2F
1-2: Fly out, F8 (Flyball, 8LM, EV 74.4 MPH)
Batting: RHB Eric Powell 0-0: DOUBLE (Line Drive, 7LS, EV 109.4 MPH)
Pinch Runner at 2nd Sean Wilhelm:
Batting: LHB C.J. Griffith 0-0: Ball
1-0: Ball
2-0: Ball
3-0: Base on Balls
Batting: RHB Carlos Nieto 0-0: Ball
1-0: Foul Ball, location: 2F
1-1: Ball
2-1: Called Strike
2-2: Strikes out swinging
Top of the 6th over - 0 runs, 1 hit, 0 errors, 2 left on base; El Paso 2 - Colorado Springs 2
BOTTOM OF THE 6TH
Colorado Springs Sky Sox batting - Pitching for El Paso Chihuahuas : RHP Taylor Litsey
Now at 3B: Ryan Johnson
Now at SS: Andres Sandoval
Batting: LHB Curtis Johnson 0-0: Ball
1-0: Swinging Strike
1-1: Swinging Strike
1-2: Strikes out swinging
Batting: RHB Jose Orellana 0-0: Ball
1-0: Foul Ball, location: 2F
1-1: Ball
2-1: Ball
3-1: Fly out, F7 (Flyball, 78M, EV 90.0 MPH)
Batting: LHB Tyler Zavala 0-0: Called Strike
0-1: Ball
1-1: Ball
2-1: Ball
3-1: Called Strike
3-2: Base on Balls
Pitching: RHP Jose Galeano
Batting: LHB Ellis Scanlon 0-0: Called Strike
0-1: Swinging Strike
0-2: Ball
1-2: Strikes out swinging
Bottom of the 6th over - 0 runs, 0 hits, 0 errors, 1 left on base; El Paso 2 - Colorado Springs 2
TOP OF THE 7TH
El Paso Chihuahuas batting - Pitching for Colorado Springs Sky Sox : LHP Corey Thomas
Batting: RHB Justin Pakulski 0-0: Swinging Strike
0-1: Ball
1-1: Fly out, F8 (Flyball, 8LD, EV 92.5 MPH)
Batting: RHB Ryan Johnson 0-0: Foul Ball, location: 2F
0-1: Ball
1-1: Called Strike
1-2: SINGLE (Groundball, 34D, EV 96.9 MPH)
Batting: RHB Brian Zimmerman 0-0: Ball
1-0: Ball
2-0: Ball
3-0: Called Strike
3-1: Called Strike
3-2: SINGLE (Groundball, 6D, EV 101.2 MPH)
Ryan Johnson to second
Batting: SHB Bobby Brookins 0-0: Ball
1-0: Ball
2-0: Called Strike
2-1: Grounds into double play, 4-6-3 (Groundball, 4, EV 88.1 MPH)
Top of the 7th over - 0 runs, 2 hits, 0 errors, 1 left on base; El Paso 2 - Colorado Springs 2
BOTTOM OF THE 7TH
Colorado Springs Sky Sox batting - Pitching for El Paso Chihuahuas : RHP Jose Galeano
Pitching: RHP John Koontz
Batting: SHB Jeremy Freely 0-0: Foul Ball, location: 2F
0-1: Foul Ball, location: 2F
0-2: Ball
1-2: Ground out 6-3 (Groundball, 6, EV 89.4 MPH)
Batting: RHB Adam Hall 0-0: Ball
1-0: Ball
2-0: Ball
3-0: Base on Balls
Batting: RHB Juan Duran 0-0: Ball
1-0: Ball
2-0: Ball
3-0: Called Strike
3-1: SINGLE (Groundball, 56, EV 111.2 MPH)
Adam Hall to second
Batting: SHB Bobby Cordova 0-0: Swinging Strike
0-1: Foul Ball, location: 2F
0-2: Foul Ball, location: 2F
0-2: Ball
1-2: Ball
2-2: SINGLE (Groundball, 4MD, EV 101.2 MPH)
Adam Hall to third
Juan Duran to second
Runner from 3rd tries for Home, SAFE, throw by CF to trailing runner, OUT at third! 8-3-5
Batting: LHB Andy Pierpont 0-0: Ball
1-0: DOUBLE (Line Drive, 9LS, EV 110.6 MPH)
Bobby Cordova to third
Batting: LHB Curtis Johnson 0-0: Called Strike
0-1: Ground out 4-3 (Groundball, 4, EV 106.9 MPH)
Bottom of the 7th over - 1 run, 3 hits, 0 errors, 2 left on base; El Paso 2 - Colorado Springs 3
TOP OF THE 8TH
El Paso Chihuahuas batting - Pitching for Colorado Springs Sky Sox : LHP Corey Thomas
Pitching: LHP Modesto Gentil
Batting: RHB Juan Andino 0-0: Called Strike
0-1: Called Strike
0-2: Ball
1-2: SINGLE (Line Drive, 56D, EV 94.4 MPH)
Batting: RHB Raul Alvarez 0-0: Ball
1-0: Foul Ball, location: 2F
1-1: Ball
2-1: Foul Ball, location: 2F
2-2: Foul Ball, location: 2F
2-2: Strikes out swinging
Batting: RHB Andres Sandoval 0-0: Fielders Choice at 2nd, 4-6 (Groundball, 34S, EV 76.9 MPH)
Pinch Hitting: RHB Jeremy Doyle 0-0: Ball
1-0: Ball
2-0: Fielders Choice at 2nd, 5-4 (Groundball, 5, EV 103.8 MPH)
Top of the 8th over - 0 runs, 1 hit, 0 errors, 1 left on base; El Paso 2 - Colorado Springs 3
BOTTOM OF THE 8TH
Colorado Springs Sky Sox batting - Pitching for El Paso Chihuahuas : RHP John Koontz
Now at 1B: Jeremy Doyle
Batting: RHB Jose Orellana 0-0: Called Strike
0-1: Ball
1-1: Ball
2-1: Ball
3-1: Base on Balls
Batting: LHB Tyler Zavala 0-0: Bunted foul
0-1: Sac Bunt to 23 - play at first, batter OUT! 3-4
Jose Orellana to second
Batting: LHB Ellis Scanlon 0-0: Intentional Walk
Batting: SHB Jeremy Freely 0-0: Fielders Choice at 2nd, 4-6 (Groundball, 4, EV 99.4 MPH)
Jose Orellana to third
Batting: RHB Adam Hall 0-0: Ball
1-0: Ball
2-0: Foul Ball, location: 2F
2-1: Ball
3-1: Called Strike
3-2: Base on Balls
Jeremy Freely to second
Batting: RHB Juan Duran 0-0: Ball
1-0: Called Strike
1-1: Foul Ball, location: 2F
1-2: Ball
2-2: Ball
3-2: Foul Ball, location: 2F
3-2: Base on Balls
Jose Orellana scores
Jeremy Freely to third
Adam Hall to second
Pitching: RHP Michael White
Batting: SHB Bobby Cordova 0-0: Ball
1-0: Ground out U3 (Groundball, 34, EV 84.4 MPH)
Bottom of the 8th over - 1 run, 0 hits, 0 errors, 3 left on base; El Paso 2 - Colorado Springs 4
TOP OF THE 9TH
El Paso Chihuahuas batting - Pitching for Colorado Springs Sky Sox : LHP Modesto Gentil
Now in RF: Mike Ford
Batting: RHB Carlos Nieto 0-0: Fly out, F8 (Flyball, 8LD, EV 95.0 MPH)
Batting: RHB Justin Pakulski 0-0: Called Strike
0-1: Foul Ball, location: 2F
0-2: Ball
1-2: Ball
2-2: Ball
3-2: Foul Ball, location: 2F
3-2: SINGLE (Groundball, 56D, EV 96.2 MPH)
Batting: RHB Ryan Johnson 0-0: Called Strike
0-1: Foul Ball, location: 2F
0-2: Ball
1-2: Foul Ball, location: 2F
1-2: Foul Ball, location: 2F
1-2: Strikes out swinging
Batting: RHB Brian Zimmerman 0-0: Ball
1-0: Foul Ball, location: 2F
1-1: Swinging Strike
1-2: Ball
2-2: Ball
3-2: Strikes out looking
Top of the 9th over - 0 runs, 1 hit, 0 errors, 1 left on base; El Paso 2 - Colorado Springs 4
Saturday, July 30th , 2022 - OOTP Baseball 23.5 Build 73